 Dungeon Crawl Stone Soup version 0.22.1 (webtiles) character file.

32416 Yandel the Slicer (level 13, -2/160 HPs)
             Began as a Demigod Artificer on Sept 17, 2018.
             Slain by a tarantella (8 damage)
             ... on level 1 of the Spider Nest on Sept 19, 2018.
             The game lasted 02:43:23 (13958 turns).

Yandel the Slicer (Demigod Artificer)              Turns: 13958, Time: 02:43:24

Health: -2/160     AC: 26    Str: 21    XL:     13   Next: 3%
Magic:  20/27      EV:  2    Int: 19    God:
Gold:   737        SH:  0    Dex: 19    Spells: 3/26 levels left

rFire    . . .     SeeInvis .   a - +7 dagger "Transmigrator" {flame, rC+ Str+2 Dex+3}
rCold    + . .     Gourm    .   (no shield)
rNeg     + + +     Faith    .   (armour currently unavailable)
rPois    +         Spirit   .   (helmet currently unavailable)
rElec    .         Reflect  .   (cloak currently unavailable)
rCorr    .         Harm     .   (gloves currently unavailable)
MR       +....     NoTele   +   (boots currently unavailable)
Stlth    ++++......             (no amulet)
HPRegen  1.36/turn              z - +1 ring of evasion
MPRegen  0.20/turn              G - ring of Xom's Bemusement {*Contam rN++ Stlth+}

@: tree-form, very slightly contaminated, regenerating (expiring)
A: high mp 1
a: no special abilities


You were on level 1 of the Spider Nest.
You were very hungry.
You were a tree.
You visited 3 branches of the dungeon, and saw 14 of its levels.
You also visited: Ossuary.

You collected 947 gold pieces.
You spent 210 gold pieces at shops.

Inventory:

Hand Weapons
 a - the +7 dagger "Transmigrator" (weapon) {flame, rC+ Str+2 Dex+3}
   (You found it on level 4 of the Dungeon)

   It has been specially enchanted to burn those struck by it, causing extra
   injury to most foes and up to half again as much damage against particularly
   susceptible opponents.
   It affects your strength (+2).
   It affects your dexterity (+3).
   It protects you from cold.
 b - a +1 shortbow
 g - a +1 dagger of draining
 k - a +0 rapier
 v - a +1 dagger of chaos
 C - a +0 rapier
 D - a +0 rapier
Missiles
 F - 225 arrows
Armour
 t - the +7 scale mail of Foolhardiness (melded) {rN+ Regen+ Int-4}
   (You found it on level 6 of the Dungeon)

   It affects your intelligence (-4).
   It protects you from negative energy.
   It increases your rate of regeneration.
 u - a +2 cloak of poison resistance (melded)
 y - a +0 large shield
 A - a +0 helmet (melded)
 E - a +0 chain mail
 U - a +1 pair of gloves of archery (melded)
Jewellery
 z - a +1 ring of evasion (left branch)
 G - the ring of Xom's Bemusement (right branch) {*Contam rN++ Stlth+}
   (You found it on level 9 of the Dungeon)

   [ring of stealth]

   It greatly protects you from negative energy.
   It causes magical contamination when unequipped.
   It makes you more stealthy.
 H - an uncursed ring of protection from magic
 N - a +3 ring of strength
 S - an uncursed ring of poison resistance
Wands
 c - a wand of flame (45)
 e - a wand of random effects (8)
 I - a wand of paralysis (10)
 K - a wand of digging (13)
 L - a wand of disintegration (18)
 Q - a wand of iceblast (1)
Scrolls
 j - 3 scrolls of amnesia
 o - 5 scrolls of teleportation
 q - a scroll of magic mapping
 r - 5 scrolls of immolation
 w - a scroll of holy word
 B - 4 scrolls of remove curse
 J - 2 scrolls of identify
 M - a scroll of vulnerability
Potions
 h - 5 potions of brilliance
 i - 2 potions of curing
 n - 2 potions of agility
 p - a potion of flight
 s - a potion of mutation
 P - a potion of magic
 R - 2 potions of lignification
Comestibles
 f - 22 rations


   Skills:
 + Level 7.8 Fighting
 + Level 9.3 Short Blades
 + Level 8.9 Bows
 + Level 7.7 Armour
 + Level 6.1 Dodging
 + Level 3.8 Stealth
 + Level 7.0 Spellcasting
 + Level 5.8 Necromancy
 + Level 2.5 Air Magic
 + Level 5.2 Evocations


You had 3 spell levels left.
You knew the following spells:

 Your Spells              Type           Power        Failure   Level  Hunger
a - Animate Skeleton      Necr           N/A          1%          1    None
b - Pain                  Necr           ####         1%          1    None
c - Vampiric Draining     Necr           ####......   2%          3    #......
d - Poisonous Vapours     Pois/Air       ##....       9%          2    None
e - Regeneration          Chrm/Necr      ###.......   10%         3    #......
f - Animate Dead          Necr           N/A          10%         4    ###....
g - Mephitic Cloud        Conj/Pois/Air  #.......     22%         3    #......
h - Freezing Cloud        Conj/Ice/Air   #.........   100%        6    ######.

Your spell library contained the following spells:

 Spells                   Type           Power        Failure   Level  Hunger
 Flame Tongue             Conj/Fire      #....        10%         1    None
 Magic Dart               Conj           #...         10%         1    None
 Searing Ray              Conj           #.....       16%         2    None
 Throw Flame              Conj/Fire      #.....       16%         2    None
 Conjure Flame            Conj/Fire      #.......     30%         3    #......
 Dazzling Spray           Conj/Hex       #.....       30%         3    #......
 Inner Flame              Hex/Fire       #.......     30%         3    #......
 Force Lance              Conj/Tloc      #.......     69%         4    ###....
 Fulminant Prism          Conj/Hex       #.........   69%         4    ###....
 Iskenderun's Mystic Bla  Conj           #.......     69%         4    ###....
 Sticky Flame             Conj/Fire      #.......     69%         4    ###....
 Fireball                 Conj/Fire      #.........   95%         5    #####..
 Ring of Flames           Chrm/Fire      #.........   100%        7    #######


Dungeon Overview and Level Annotations

Branches:
Dungeon (9/15)             Temple (0/1) D:6            Lair (4/6) D:9
  Swamp (0/4) Lair:4       Spider (1/4) Lair:4
    Orc: D:9-12

Shops:
D:4 [   D:5 :


Innate Abilities, Weirdness & Mutations

You have an increased reservoir of magic. (+10% MP)


Message History

* * * LOW HITPOINT WARNING * * *
You are confused.
The wolf spider hits you but does no damage.
The wolf spider bites you!
* * * LOW HITPOINT WARNING * * *
The tarantella bites you but does no damage.
You feel better.
Your skin is crawling a little less now.
The wolf spider hits you!
* * * LOW HITPOINT WARNING * * *
The wolf spider bites you but does no damage.
The tarantella bites you but does no damage.
You feel better. The wolf spider barely misses you.
The wolf spider bites you but does no damage.
The tarantella bites you but does no damage.
The wolf spider hits you!
* * * LOW HITPOINT WARNING * * *
The wolf spider bites you but does no damage.
The tarantella bites you!
You die...

#####.....
###.#....###
####...##..##.#
##.##........#.<
#...#..#..#....#
##.....#..###...
###...^###...#..#.
###s#..###
#####%.##
###.s♣....# ####
#...s..#..#
#..##..#..# #####
###...#.#####
..#..#.###.[..####
. .....#......###
#..
#..#..#####.#....
#....s#.#.....(#
###..^....(#...#


You could see a wolf spider, a tarantella and a friendly wolf spider.

Vanquished Creatures
  Snorg (Lair:4)
  The ghost of furman the Martial Artist, a journeyman GnTm of Okawaru (D:9)
  3 hydras
  A wolf spider (Spider:1)
  A manticore (Lair:3)
  4 oklob plants (Lair:3)
  2 orb spiders (Spider:1)
  An elephant (Lair:3)
  A black mamba (Lair:2)
  Psyche (D:8)
  A gargoyle (D:7)
  9 spiny frogs
  A komodo dragon (Lair:4)
  2 demonic crawlers (Spider:1)
  5 jumping spiders
  A queen bee (Lair:3)
  4 blink frogs (Lair:1)
  9 hippogriffs
  A spriggan (D:9)
  Sigmund (D:6)
  10 redbacks (Spider:1)
  6 tarantellas (Spider:1)
  2 wyverns (Lair:3)
  3 basilisks
  32 yaks
  7 water moccasins
  5 porcupines
  A sky beast (D:6)
  An ice beast (D:9)
  3 ogres
  6 centaurs
  10 wolves
  6 crocodiles
  2 elf zombies (Ossuary)
  Crazy Yiuf (D:2)
  A wyvern zombie (D:8)
  7 bullfrogs
  3 scorpions
  29 killer bees
  4 wights (D:9)
  An electric eel (Spider:1)
  2 centaur zombies (Ossuary)
  5 crimson imps
  An orc priest (D:8)
  2 hounds
  2 jellies
  A human zombie (Ossuary)
  2 orc wizards
  An iguana (D:6)
  6 worker ants
  A big kobold zombie (Ossuary)
  A hound zombie (Ossuary)
  2 hound skeletons
  3 mummies (Ossuary)
  4 adders
  2 shadow imps
  An ooze (D:4)
  2 adder zombies (Ossuary)
  An adder skeleton (D:4)
  5 worms
  2 dart slugs
  3 leopard geckos (D:6)
  13 orcs
  A ball python (D:1)
  12 bats
  2 giant cockroaches
  2 gnoll zombies (Ossuary)
  4 goblins
  4 hobgoblins
  12 jackals
  3 quokkas
  4 frilled lizards
  3 goblin zombies
  4 hobgoblin zombies (Ossuary)
  4 jackal zombies (Ossuary)
  8 kobolds
  2 kobold zombies (Ossuary)
  2 orc zombies (Ossuary)
  8 quokka zombies
  6 rats
  4 rat zombies (Ossuary)
  A butterfly (D:6)
338 creatures vanquished.

Vanquished Creatures (collateral kills)
  The ghost of Etwup the Fighter, a journeyman OgHu of Okawaru (Lair:1)
  A lindwurm (Lair:3)
  An elephant (Lair:3)
  2 rime drakes
  A komodo dragon (Lair:3)
  5 blink frogs (Lair:1)
  2 hippogriffs
  2 redbacks (Lair:4)
  4 yaks
  2 basilisks
  2 water moccasins (Lair:1)
  A porcupine (Lair:2)
  3 wolves (Lair:2)
  3 crocodiles
  2 bullfrogs (Lair:3)
  2 scorpions
  6 killer bees (Lair:3)
  A hound (D:7)
  An orc wizard (D:7)
  3 adders (D:2)
  2 leopard geckos (D:2)
  2 orcs
  A hobgoblin (D:2)
  A bat (D:2)
  A rat (D:2)
  2 bushes (Lair:1)
  3 fungi (Lair:2)
57 creatures vanquished.

Vanquished Creatures (others)
  A jumping spider (Spider:1)
  An orc warrior (D:7)
  A killer bee (D:9)
  A worker ant (D:4)
  An orc (D:3)
  6 fungi
  2 plants
13 creatures vanquished.

Grand Total: 408 creatures vanquished

Notes
Turn   | Place    | Note
-------+----------+-------------------------------------------
     0 | D:1      | Yandel the Demigod Artificer began the quest for the Orb.
     0 | D:1      | Reached XP level 1. HP: 15/15 MP: 5/5
   442 | D:1      | Reached XP level 2. HP: 19/22 MP: 6/6
   664 | D:1      | Reached skill level 1 in Short Blades
   754 | D:1      | Reached XP level 3. HP: 21/27 MP: 8/8
   881 | D:1      | Reached skill level 1 in Fighting
  1303 | D:2      | Reached skill level 2 in Short Blades
  1342 | D:2      | Found a runed door.
  1350 | D:2      | Noticed Crazy Yiuf
  1533 | D:2      | Reached skill level 1 in Armour
  1533 | D:2      | Reached XP level 4. HP: 26/35 MP: 9/9
  1626 | D:2      | Killed Crazy Yiuf
  2213 | D:3      | Reached XP level 5. HP: 38/40 MP: 10/10
  2584 | D:3      | Found a shimmering altar of Xom.
  2670 | D:3      | Found an iron altar of Okawaru.
  2722 | D:3      | Reached skill level 3 in Short Blades
  2922 | D:4      | Noticed an ogre
  2925 | D:4      | Found Viawn's Armour Shop.
  2945 | D:4      | Noticed a centaur
  2955 | D:4      | Killed an ogre
  2962 | D:4      | Killed a centaur
  2962 | D:4      | Reached XP level 6. HP: 19/48 MP: 11/11
  3033 | D:4      | Found a sand-covered staircase.
  3059 | Ossuary  | Entered an ossuary
  3169 | Ossuary  | Reached skill level 4 in Short Blades
  3350 | Ossuary  | Reached skill level 1 in Bows
  3492 | Ossuary  | Reached XP level 7. HP: 39/55 MP: 12/12
  3609 | Ossuary  | Reached skill level 1 in Stealth
  3801 | D:4      | Got a bone dagger
  3803 | D:4      | Identified the +7 dagger "Transmigrator" {flame, rC+ Str+2
                  | Dex+3} (You found it on level 4 of the Dungeon)
  3868 | D:4      | Found a basalt altar of Yredelemnul.
  4034 | D:4      | Bought a +0 cloak of poison resistance for 102 gold pieces
  4034 | D:4      | Bought a +0 helmet for 54 gold pieces
  4034 | D:4      | Bought a +0 chain mail for 54 gold pieces
  4098 | D:5      | Entered Level 5 of the Dungeon
  4148 | D:5      | Found a sacrificial altar of Ru.
  4291 | D:5      | Found Qythrom's Book Shop.
  4461 | D:5      | Found a radiant altar of Vehumet.
  4558 | D:5      | Reached skill level 5 in Short Blades
  5106 | D:6      | Found a staircase to the Ecumenical Temple.
  5347 | D:6      | Noticed Sigmund
  5357 | D:6      | Killed Sigmund
  5357 | D:6      | Reached XP level 8. HP: 63/63 MP: 13/13
  5459 | D:6      | Got a shimmering scale mail
  5470 | D:6      | Identified the +7 scale mail of Foolhardiness {rN+ Regen+
                  | Int-4} (You found it on level 6 of the Dungeon)
  6009 | D:7      | Found a snail-covered altar of Cheibriados.
  6072 | D:7      | Found a glowing silver altar of Zin.
  6177 | D:7      | Learned a level 1 spell: Animate Skeleton
  6179 | D:7      | Learned a level 1 spell: Pain
  6183 | D:7      | Learned a level 3 spell: Regeneration
  6227 | D:7      | Noticed a gargoyle
  6252 | D:7      | Killed a gargoyle
  6252 | D:7      | Reached skill level 6 in Short Blades
  6286 | D:7      | Noticed a hippogriff
  6299 | D:7      | Killed a hippogriff
  6299 | D:7      | Reached skill level 5 in Bows
  6333 | D:7      | Noticed a hippogriff
  6343 | D:7      | Killed a hippogriff
  6388 | D:7      | Found a glowing golden altar of the Shining One.
  6497 | D:8      | Noticed a hippogriff
  6500 | D:8      | Noticed Psyche
  6511 | D:8      | Killed Psyche
  6511 | D:8      | Reached XP level 9. HP: 71/71 MP: 15/15
  6701 | D:8      | Learned a level 3 spell: Vampiric Draining
  7504 | D:9      | Found a staircase to the Lair.
  7572 | D:9      | Found a runed gate.
  7572 | D:9      | Found a runed gate.
  7603 | D:9      | Reached skill level 5 in Fighting
  7643 | D:9      | Found a runed gate.
  7643 | D:9      | Noticed a ten-headed hydra
  7647 | D:9      | Noticed a nine-headed hydra
  7647 | D:9      | Noticed furman's ghost (journeyman GnTm)
  7673 | D:9      | Killed furman's ghost
  7673 | D:9      | Reached skill level 7 in Short Blades
  7673 | D:9      | Reached skill level 1 in Spellcasting
  7673 | D:9      | Reached skill level 1 in Necromancy
  7673 | D:9      | Reached XP level 10. HP: 35/81 MP: 13/16
  7675 | D:9      | Killed a ten-headed hydra
  7675 | D:9      | Reached skill level 5 in Armour
  7785 | D:9      | Got a warped ivory ring
  7787 | D:9      | Identified the ring of Xom's Bemusement {*Contam rN++
                  | Stlth+} (You found it on level 9 of the Dungeon)
  7918 | D:9      | Learned a level 2 spell: Poisonous Vapours
  8354 | D:9      | Killed a nine-headed hydra
  8526 | Lair:1   | Entered Level 1 of the Lair of Beasts
  9114 | Lair:1   | Learned a level 3 spell: Mephitic Cloud
  9194 | Lair:1   | Reached skill level 5 in Dodging
  9218 | Lair:1   | Reached XP level 11. HP: 65/89 MP: 12/17
  9305 | Lair:1   | Reached skill level 8 in Short Blades
  9438 | Lair:1   | Noticed a five-headed hydra
  9466 | Lair:1   | Killed a five-headed hydra
  9523 | Lair:1   | Found a runed door.
  9523 | Lair:1   | Noticed Etwup's ghost (journeyman OgHu)
  9545 | Lair:1   | Killed Etwup's ghost
 10372 | Lair:2   | Learned a level 4 spell: Animate Dead
 10510 | Lair:2   | You fall through a shaft!
 10756 | Lair:3   | Reached skill level 1 in Air Magic
 11075 | Lair:3   | Reached XP level 12. HP: 82/100 MP: 1/23
 11187 | Lair:3   | Reached skill level 5 in Spellcasting
 11672 | Lair:3   | Reached skill level 9 in Short Blades
 11672 | Lair:3   | Reached skill level 5 in Necromancy
 12222 | Lair:4   | Reached skill level 5 in Evocations
 12351 | Lair:4   | Identified a scroll of acquirement
 12423 | Lair:4   | Found a hole to the Spider Nest.
 12528 | Lair:4   | Noticed Snorg
 12536 | Lair:4   | Killed Snorg
 12546 | Lair:4   | Found a staircase to the Swamp.
 12671 | Lair:4   | Learned a level 6 spell: Freezing Cloud
 12971 | Spider:1 | Entered Level 1 of the Spider Nest
 13587 | Spider:1 | Reached XP level 13. HP: 86/107 MP: 27/27
 13956 | Spider:1 | HP: 8/160 [wolf spider (7)]
 13958 | Spider:1 | Slain by a tarantella

Skill      XL: |  1  2  3  4  5  6  7  8  9 10 11 12 13 |
---------------+----------------------------------------+-----
Evocations     | 3 4 5 |  5.2
Dodging        | 2 3 4 5 6 |  6.1
Short Blades   | 1 2 3 4 5 6 7 8 9 |  9.3
Fighting       | 1 2 3 4 5 6 7 |  7.8
Armour         | 1 2 3 4 6 7 |  7.7
Bows           | 1 3 5 7 8 |  8.9
Stealth        | 1 2 3 |  3.8
Spellcasting   | 1 2 4 6 7 |  7.0
Necromancy     | 1 2 4 5 |  5.8
Air Magic      | 1 2 |  2.5

Action                   |  1- 3 |  4- 6 |  7- 9 | 10-12 | 13-15 || total
-------------------------+-------+-------+-------+-------+-------++-------
Melee: Short sword       |   181 |    32 |       |       |       ||   213
       Rapier            |       |   252 |    56 |       |       ||   308
       Dagger            |       |       |   309 |   861 |    58 ||  1228
 Fire: Shortbow          |       |    52 |   105 |   138 |     1 ||   296
 Cast: Animate Skeleton  |       |       |     7 |    62 |       ||    69
       Poisonous Vapours |       |       |       |    42 |     3 ||    45
       Pain              |       |       |       |    45 |       ||    45
       Vampiric Draining |       |       |       |    28 |    11 ||    39
       Regeneration      |       |       |       |     3 |     2 ||     5
       Mephitic Cloud    |       |       |       |     1 |     1 ||     2
       Animate Dead      |       |       |       |     1 |       ||     1
Evoke: Wand              |    11 |    10 |     3 |    41 |     1 ||    66
  Use: Scroll            |     5 |     6 |    15 |    14 |     1 ||    41
       Potion            |       |     3 |     4 |     5 |    11 ||    23
 Stab: Sleeping          |     1 |       |       |     6 |       ||     7
       Paralysed         |       |       |       |     3 |       ||     3
       Invisible         |       |       |       |     1 |       ||     1
       Distracted        |       |       |       |     3 |       ||     3
  Eat: Chunk             |     2 |     5 |     9 |    25 |     1 ||    42
       Ration            |       |       |     2 |       |       ||     2
Armor: Leather armour    |    68 |       |       |       |       ||    68
       Ring mail         |     4 |     1 |       |       |       ||     5
       Scale mail        |       |   100 |   112 |   402 |    76 ||   690
       Skin              |       |    17 |    24 |       |    52 ||    93
       Chain mail        |       |       |    13 |       |       ||    13
Dodge: Dodged            |   126 |   156 |   160 |   610 |   110 ||  1162
